 Dungeon Crawl Stone Soup version 0.19.0-16-g73b5abf (webtiles) character file.

4145 jerryfan the Whirler (level 10, -15/69 HPs)
             Began as a Halfling Hunter on Nov 9, 2016.
             Demolished by kuniqs's ghost (22 damage)
             ... on level 8 of the Dungeon on Nov 10, 2016.
             The game lasted 00:42:57 (8605 turns).

jerryfan the Whirler (Halfling Hunter)              Turns: 8605, Time: 00:42:58

Health: -15/69     AC: 12    Str: 15    XL:     10   Next: 52%
Magic:  0/10       EV: 13    Int:  9    God:
Gold:   348        SH:  0    Dex: 17    Spells: 0 memorised, 9 levels left

rFire  . . .     SeeInvis .     D - +7 flail of Instant Death {crush, rN+}
rCold  . . .     Gourm    .     y - +2 scale mail {MR+}
rNeg   + + .     Faith    .     (shield restricted)
rPois  .         Spirit   +     (no helmet)
rElec  .         Reflect  .     m - +0 cloak
rCorr  .         Harm     .     (no gloves)
MR     +....                    (no boots)
Stlth  ++........               j - amulet of guardian spirit
                                A - ring of positive energy
                                s - ring of stealth

@: no status effects
A: thin metallic scales 1, mutation resistance 1
a: no special abilities


You were on level 8 of the Dungeon.
You were hungry.

You visited 1 branch of the dungeon, and saw 8 of its levels.

You collected 374 gold pieces.
You spent 26 gold pieces at shops.

Inventory:

Hand Weapons
 a - a +2 hunting sling
 b - a +0 short sword
 l - a +2 dagger of flaming
 q - a +0 dagger
 D - the +7 flail of Instant Death (weapon) {crush, rN+}
   (You found it on level 6 of the Dungeon)

   It inflicts extra damage upon your enemies.
   It protects you from negative energy.
 E - a +1 fustibalus
 H - the +1 dagger "Xotz" {pierce, rPois rN+ Dex+2}
   (You found it on level 8 of the Dungeon)

   It inflicts extra damage upon your enemies.
   It affects your dexterity (+2).
   It protects you from poison.
   It protects you from negative energy.
Missiles
 d - 12 sling bullets
 e - 107 stones
 K - a throwing net (quivered)
Armour
 c - a +0 leather armour
 m - a +0 cloak (worn)
 r - a -1 robe
 u - a +2 leather armour of magic resistance
 y - a +2 scale mail of magic resistance (worn)
 F - a +0 robe of magic resistance
Jewellery
 j - an amulet of guardian spirit (around neck)
 s - a ring of stealth (left hand)
 z - an uncursed amulet of the gourmand
 A - a ring of positive energy (right hand)
 G - an uncursed ring of protection from fire
Wands
 o - a wand of lightning (0/15)
 v - a wand of teleportation (5/9)
 J - a wand of random effects (38/48)
Scrolls
 p - 2 scrolls of amnesia
 t - a scroll of magic mapping
 B - a scroll of teleportation
 C - a scroll of remove curse
 I - a scroll of vulnerability {unknown}
Potions
 k - 4 potions of curing
 n - a potion of brilliance
Books
 w - a book of Conjurations

   Spells                             Type                      Level
   a - Magic Dart                     Conjuration                  1
   b - Searing Ray                    Conjuration                  2
   c - Dazzling Spray                 Conjuration/Hexes            3
   d - Fulminant Prism                Conjuration/Hexes            4
   e - Iskenderun's Mystic Blast      Conjuration                  4
   f - Iskenderun's Battlesphere      Conjuration/Charms           5
 x - a book of Cantrips

   Spells                             Type                      Level
   a - Confusing Touch                Hexes                        1
   b - Animate Skeleton               Necromancy                   1
   c - Summon Small Mammal            Summoning                    1
   d - Apportation                    Translocation                1
Comestibles
 f - 5 bread rations
 g - 2 beef jerkies
 h - 2 fruits
 i - 2 meat rations


   Skills:
 + Level 6.9 Fighting
 + Level 0.1 Maces & Flails
 + Level 15.5 Slings
 + Level 0.2(7.3) Throwing
 + Level 5.8 Armour
 + Level 3.5 Dodging
 + Level 1.8 Stealth


You had 9 spell levels left.
You didn't know any spells.

Dungeon Overview and Level Annotations

Branches:
Dungeon (8/15)             Temple (0/1) D:6
   Lair: D:8-11

Altars:
Ashenzari
Dithmenos
Gozag
Hepliaklqana
Makhleb
Ru
Sif Muna
Trog
Uskayaw
Vehumet
Xom
Yredelemnul
Zin

Shops:
D:5 *

Annotations:
D:8 kuniqs's ghost, novice TrFi


Innate Abilities, Weirdness & Mutations

You are small and have problems with some larger weapons.
You are somewhat resistant to further mutation.
You are partially covered in thin metallic scales. (AC +2)


Message History

Sorry, you're not good enough to have a special ability.
You hit kuniqs's ghost but do no damage.
Kuniqs's ghost is moderately damaged.
Kuniqs's ghost completely misses you. Kuniqs's ghost barely misses you.
You thump kuniqs's ghost!
Kuniqs's ghost is heavily damaged.
Kuniqs's ghost says, "They lied to you.
The Dungeon just goes down and down forever."
Kuniqs's ghost closely misses you.
You hit kuniqs's ghost.
Kuniqs's ghost is heavily damaged.
Kuniqs's ghost hits you. x2
* * * LOW HITPOINT WARNING * * *
You closely miss kuniqs's ghost.
Kuniqs's ghost is heavily damaged.
Kuniqs's ghost hits you!
* * * LOW HITPOINT WARNING * * *
You hit kuniqs's ghost.
Kuniqs's ghost is severely damaged.
Kuniqs's ghost hits you!!
You die...

#.........# #.#######.#
#####.# #.# #.....# #.#
#.##### #####.# #.#
#.....##### #.# #.........#
###.#######....####.#
#.........'@...# #.########
#.#.##.....W)..# #.##.....#
#.#.#..._..(...####.##...#.#
#.#.#.._8_(##'#..........#.#
#.#.#..._.....#.###....###.#
#.#.#.....(#..#.# #..#.....#
#
#.#.#.#..#....#.###....#####
# #.#.#.#..#.##.......##.#
## #.#...#..#.............#


You could see kuniqs's ghost.

Vanquished Creatures
  The ghost of Yermak the Fighter, a novice GrBe of Trog (D:7)
  Joseph (D:7)
  A two-headed ogre (D:8)
  The ghost of dorian the Pure, an amateur FoAK of Lugonu (D:4)
  A hornet (D:8)
  Duvessa (D:7)
  An orc warrior (D:8)
  A sky beast (D:8)
  A black bear (D:6)
  3 ice beasts
  5 phantoms
  A necrophage (D:3)
  2 ogres
  2 centaurs
  Dowan (D:7)
  A scorpion (D:8)
  6 killer bees (D:8)
  A quasit (D:7)
  5 hounds
  4 orc wizards
  Crazy Yiuf (D:7)
  2 orc priests
  2 jellies (D:5)
  An iguana (D:4)
  A worker ant (D:6)
  A howler monkey zombie (D:8)
  14 gnolls
  3 adders
  A shadow imp (D:8)
  2 oozes
  An adder skeleton (D:4)
  2 adder zombies (D:8)
  2 worms
  4 leopard geckos
  27 orcs
  4 giant cockroaches
  13 goblins
  5 hobgoblins
  11 jackals
  8 kobolds
  3 quokkas
  4 ball pythons
  7 bats
  6 frilled lizards
  A giant cockroach zombie (D:5)
  2 jackal skeletons
  A jackal zombie (D:7)
  10 rats
  A fungus (D:7)
180 creatures vanquished.

Notes
Turn   | Place    | Note
-------+----------+-------------------------------------------
     0 | D:1      | jerryfan the Halfling Hunter began the quest for the Orb.
     0 | D:1      | Reached XP level 1. HP: 14/14 MP: 1/1
   127 | D:1      | Reached skill level 6 in Slings
   243 | D:1      | Reached XP level 2. HP: 15/19 MP: 2/2
   929 | D:2      | Reached XP level 3. HP: 24/24 MP: 3/3
  1112 | D:2      | Reached skill level 7 in Slings
  1192 | D:2      | Reached XP level 4. HP: 29/29 MP: 4/4
  1384 | D:2      | Reached skill level 1 in Armour
  1662 | D:2      | Found a radiant altar of Vehumet.
  1734 | D:2      | Upgraded the game from 0.19.0-11-g3fc08b3 to 0.19.0-16-g73b5abf
  2051 | D:3      | Noticed a phantom
  2076 | D:3      | Killed a phantom
  2076 | D:3      | Reached skill level 8 in Slings
  2076 | D:3      | Reached XP level 5. HP: 30/35 MP: 5/5
  2235 | D:3      | Reached XP level 6. HP: 40/41 MP: 4/6
  2284 | D:3      | Reached skill level 9 in Slings
  2416 | D:3      | Noticed a necrophage
  2426 | D:3      | Killed a necrophage
  2426 | D:3      | Reached skill level 10 in Slings
  2426 | D:3      | Reached XP level 7. HP: 45/45 MP: 7/7
  2970 | D:4      | Noticed a moth of wrath
  2970 | D:4      | Noticed dorian's ghost (amateur FoAK)
  2996 | D:4      | Killed dorian's ghost
  2996 | D:4      | Reached skill level 11 in Slings
  3005 | D:4      | Found a bloodstained altar of Trog.
  3485 | D:4      | Reached XP level 8. HP: 53/53 MP: 8/8
  3831 | D:5      | Entered Level 5 of the Dungeon
  4223 | D:5      | Found Iyas's Incredible Inventory.
  4247 | D:5      | Reached skill level 12 in Slings
  4277 | D:5      | Bought a scroll of identify for 26 gold pieces
  4759 | D:5      | Found a hazy altar of Hepliaklqana.
  4764 | D:5      | Found a shadowy altar of Dithmenos.
  4949 | D:6      | Reached XP level 9. HP: 60/60 MP: 9/9
  5072 | D:6      | Reached skill level 5 in Fighting
  5470 | D:6      | Found a glowing silver altar of Zin.
  5779 | D:6      | Reached skill level 13 in Slings
  5789 | D:6      | Got a smoking flail
  5795 | D:6      | Identified the +7 flail of Instant Death {crush, rN+} (You found it on level 6 of the Dungeon)
  5837 | D:6      | Found a staircase to the Ecumenical Temple.
  6164 | D:7      | Noticed Dowan
  6192 | D:7      | Noticed Duvessa
  6204 | D:7      | Killed Duvessa
  6207 | D:7      | Killed Dowan
  6245 | D:7      | Noticed Joseph
  6279 | D:7      | Killed Joseph
  6533 | D:7      | Reached skill level 14 in Slings
  6604 | D:7      | Found a shimmering altar of Xom.
  6614 | D:7      | Found a shimmering altar of Xom.
  6614 | D:7      | Found a shimmering altar of Xom.
  6614 | D:7      | Found a shimmering altar of Xom.
  6615 | D:7      | Found a shimmering altar of Xom.
  6616 | D:7      | Found a shimmering altar of Xom.
  6617 | D:7      | Found a shimmering altar of Xom.
  6623 | D:7      | Found a shimmering altar of Xom.
  6720 | D:7      | Noticed Yermak's ghost (novice GrBe)
  6762 | D:7      | Killed Yermak's ghost
  6762 | D:7      | Reached skill level 5 in Armour
  6762 | D:7      | Reached XP level 10. HP: 32/69 MP: 5/10
  7153 | D:7      | Found a runed door.
  7157 | D:7      | Noticed Crazy Yiuf
  7162 | D:7      | Killed Crazy Yiuf
  7264 | D:8      | Reached skill level 15 in Slings
  7615 | D:8      | Found a sacrificial altar of Ru.
  7689 | D:8      | Found a hide-covered altar of Uskayaw.
  8142 | D:8      | Noticed kuniqs's ghost (novice TrFi)
  8148 | D:8      | Noticed a cyclops
  8265 | D:8      | Found a basalt altar of Yredelemnul.
  8279 | D:8      | Gained mutation: You are partially covered in thin metallic scales. (AC +2) [mutagenic meat]
  8282 | D:8      | Found an opulent altar of Gozag.
  8312 | D:8      | Found a burning altar of Makhleb.
  8312 | D:8      | Found a deep blue altar of Sif Muna.
  8312 | D:8      | Found a shattered altar of Ashenzari.
  8314 | D:8      | Found a shimmering altar of Xom.
  8320 | D:8      | Got a faintly glowing dagger
  8324 | D:8      | Identified the cursed +1 dagger "Xotz" {pierce, rPois rN+ Dex+2} (You found it on level 8 of the Dungeon)
  8605 | D:8      | Demolished by kuniqs's ghost

Skill      XL: |  1  2  3  4  5  6  7  8  9 10 |
---------------+-------------------------------+-----
Slings         | 6 7 8 10 11 12 14 15 | 15.5
Fighting       | 2 3 4 6 |  6.9
Armour         | 1 2 3 5 |  5.8
Dodging        | 3 |  3.5
Maces & Flails | |  0.1
Throwing       | |  0.2
Stealth        | |  1.8

Action                   |  1- 3 |  4- 6 |  7- 9 | 10-12 || total
-------------------------+-------+-------+-------+-------++-------
Melee: Hunting sling     |     4 |     1 |       |       ||     5
       Flail             |       |       |       |    21 ||    21
       Dagger            |       |       |       |     6 ||     6
       Fustibalus        |       |       |       |     1 ||     1
 Fire: Hunting sling     |    75 |   172 |   310 |       ||   557
       Fustibalus        |       |       |    97 |   120 ||   217
Throw: Throwing net      |       |       |       |     1 ||     1
Evoke: Wand              |       |       |       |     1 ||     1
  Use: Scroll            |     1 |     2 |    14 |     3 ||    20
       Potion            |       |     2 |     8 |     1 ||    11
  Eat: Chunk             |     1 |     3 |     8 |     6 ||    18
       Meat ration       |       |       |     1 |       ||     1
       Beef jerky        |       |       |       |     2 ||     2
Armor: Leather armour    |     2 |    15 |     5 |       ||    22
       Scale mail        |       |       |    15 |    28 ||    43
Dodge: Dodged            |    27 |    28 |    82 |    47 ||   184
